 Dungeon Crawl Stone Soup version 0.28.0 (webtiles) character file.

Game seed: 13145758515227708974

150 SnakkuSnakku7 the Slasher (level 5, 0/38 HPs)
             Began as a Vampire Warper on Feb 16, 2022.
             Succumbed to a scorpion's poison
             ... on level 3 of the Dungeon.
             The game lasted 00:03:18 (1844 turns).

SnakkuSnakku7 the Slasher (Vampire Warper)          Turns: 1844, Time: 00:03:18

Health: 0/38       AC:  7    Str: 12    XL:     5   Next: 10%
Magic:  8/8        EV:  8    Int: 15    God:
Gold:   54         SH:  3    Dex: 14    Spells: 8/8 levels left

rFire   . . .      SeeInvis +   a - +0 falchion
rCold   . . .      Faith    .   f - +0 buckler
rNeg    . . .      Spirit   .   j - +0 scale mail
rPois   .          Reflect  .   (no helmet)
rElec   .          Harm     .   (no cloak)
rCorr   .          Rampage  .   h - +0 pair of gloves
Will    .....                   (no boots)
Stlth   ..........              (no amulet)
HPRegen 0.32/turn               (no ring)
MPRegen 0.11/turn               (no ring)

@: lethally poisoned (0 -> -4), healing quickly
A: alive, fangs 3, see invisible, vampiric 2
a: Exsanguinate


You were on level 3 of the Dungeon.
You visited 1 branch of the dungeon, and saw 3 of its levels.

You collected 80 gold pieces.
You spent 26 gold pieces at shops.

Inventory:

Hand Weapons
 a - a +0 falchion (weapon)
Missiles
 d - 5 boomerangs of dispersal
 n - a poisoned dart (quivered)
Armour
 b - a +0 leather armour
 f - a +0 buckler (worn)
 g - a +0 ring mail
 h - a +0 pair of gloves (worn)
 j - a +0 scale mail (worn)
Scrolls
 e - a scroll of identify
 k - a scroll of teleportation
Potions
 i - a potion of haste
 m - a potion of curing {unknown}


   Skills:
 - Level 1.7 Fighting
 + Level 5.3 Long Blades
 + Level 0.7 Throwing
 - Level 0.7 Armour
 - Level 2.1 Dodging
 - Level 2.0 Spellcasting
 - Level 2.4 Translocations


You had 8 spell levels left.
You didn't know any spells.
Your spell library contained the following spells:

 Spells                   Type           Power      Damage    Failure   Level
 Blink                    Tloc           16%        N/A       67%         2
 Slow                     Hex            4%         N/A       86%         1
 Gell's Gravitas          Tloc           8%         N/A       88%         3
 Lesser Beckoning         Tloc           8%         N/A       88%         3
 Teleport Other           Tloc           8%         N/A       88%         3
 Confusing Touch          Hex            1%         N/A       99%         3
 Vampiric Draining        Necr           1%         2d6       99%         3
 Manifold Assault         Tloc           8%         N/A       100%        5


Dungeon Overview and Level Annotations

Branches:
Dungeon (3/15)

Altars:

Shops:
D:2 *


Innate Abilities, Weirdness & Mutations

Your natural rate of healing is accelerated.
You have razor-sharp teeth.
You have supernaturally acute eyesight. (SInv)
You are afflicted with vampirism and can become a bat while bloodless.


Message History

The poisoned dart closely misses the scorpion.
The scorpion stings you!
You barely miss the scorpion.
The scorpion is lightly wounded.
The scorpion stings you.
You are poisoned.
The scorpion poisons you!
You hit the scorpion but do no damage.
The scorpion is moderately wounded.
You feel very sick. The scorpion barely misses you. The scorpion stings you!
You hit the scorpion but do no damage.
The scorpion is moderately wounded.
You feel sick. The scorpion stings you.
You are lethally poisoned!
The scorpion poisons you!
As you read the scroll of fear, it crumbles to dust.
You assume a fearsome visage.
The scorpion resists with some effort.
* * * LOW HITPOINT WARNING * * *
You feel very sick. The scorpion closely misses you.
Okay, then.
Okay, then.
Okay, then.
Blink to where?
Press: ? - help, Dir - move target, p - scorpion
As you read the scroll of blinking, it crumbles to dust.
* * * LOW HITPOINT WARNING * * *
You feel very sick.
Keep bloodletting?
* * * LOW HITPOINT WARNING * * *
You feel sick.
You begin bloodletting.
You continue bloodletting.
* * * LOW HITPOINT WARNING * * *
You feel sick.
The scorpion looks more healthy.
You continue bloodletting.
* * * LOW HITPOINT WARNING * * *
You feel sick.
You continue bloodletting.
You die...

###### #.# #..#.# #....#
#.####.#'##### #....#
#.##.......... #....#
##########)##.......... #....#
#...##.....##.......... #....#
#...##.....##..........
####....###...##.....##..........
..(.....†....s.......##..........
..#########...##@....##..........
..# #...##.....##..........
......# #...##.....##....>.....
......# #...##.....##..........
.s....# #...##.....##..........
#.....# #...##.....####'#######
#.....# #...###########.###
#.....# #...# #......# .)...#
#)..# #......#


You could see a scorpion.

Vanquished Creatures
  2 orc wizards (D:3)
  3 gnolls
  A worm (D:2)
  3 dart slugs
  3 orcs (D:3)
  8 bats
  3 endoplasms
  3 giant cockroaches
  7 goblins
  3 hobgoblins (D:1)
  3 jackals (D:1)
  4 quokkas
  4 ball pythons
  3 frilled lizards
  7 kobolds
  2 rats
59 creatures vanquished.

Notes
Turn   | Place    | Note
-------+----------+-------------------------------------------
     0 | D:1      | SnakkuSnakku7 the Vampire Warper began the quest for the
                  | Orb.
     0 | D:1      | Reached XP level 1. HP: 16/16 MP: 3/3
   179 | D:1      | Reached XP level 2. HP: 10/22 MP: 5/5
   319 | D:1      | Reached skill level 3 in Long Blades
   540 | D:1      | Gained mutation: You are afflicted with vampirism and can
                  | become a bat while bloodless. [Vampire growth]
   540 | D:1      | Reached XP level 3. HP: 21/27 MP: 6/6
  1010 | D:2      | Reached skill level 4 in Long Blades
  1149 | D:2      | Found Donigulu's General Store.
  1157 | D:2      | Bought a scroll of identify for 26 gold pieces
  1311 | D:1      | Reached XP level 4. HP: 20/33 MP: 7/7
  1672 | D:3      | Reached skill level 5 in Long Blades
  1689 | D:3      | Reached XP level 5. HP: 21/38 MP: 8/8
  1843 | D:3      | HP: 1/38 [poisoned by a scorpion]
  1844 | D:3      | Succumbed to a scorpion's poison

Illustrated notes

Levels and vault maps discovered:
D:1:      minmay_arrival_split_and_join, layout_loops_ring, minmay_cupped
D:2:      layout_rooms, serial_shops, shop
D:3:      layout_basic

Skill      XL: |  1  2  3  4 |
---------------+-------------+-----
Long Blades    | 3 4 5 |  5.3
Fighting       | |  1.7
Throwing       | |  0.7
Armour         | |  0.7
Dodging        | |  2.1
Spellcasting   | |  2.0
Translocations | |  2.4

Action                   |  1- 3 |  4- 6 || total
-------------------------+-------+-------++-------
Melee: Falchion          |   156 |    59 ||   215
       Bite              |    19 |     6 ||    25
Throw: Dart              |       |     2 ||     2
 Abil: Exsanguinate      |       |     1 ||     1
  Use: Scroll            |     3 |     2 ||     5
Armor: Leather armour    |    11 |       ||    11
       Ring mail         |    40 |       ||    40
       Scale mail        |    22 |    21 ||    43
Dodge: Dodged            |    90 |    16 ||   106
Block: Buckler           |    29 |     5 ||    34
